Map: 이터널 엠파이어 - 래더

Players

Impact - Winner!

  • Race: Zerg Zerg
  • League: Grandmaster
  • Spawn Location: 1:00

TSGDynaMite (DynaMite)

  • Race: Terran Terran
  • League: Master
  • Spawn Location: 7:00

VOD

Have the link to the VOD?

Description

Time

  • Played on: Jan. 15, 2020, 6:08 a.m.
  • Length: 17:05
Show
View Real Time Build Order
Export as new Build Order

Impact Zerg - Winner!

Build Orders: Hatch First 

Get SALT Encoding   

  12  0:00  Drone  
  13  0:13  Overlord  
  13  0:17  Drone  
  14  0:31  Drone x2  
  16  0:49  Hatchery  
  15  0:52  Drone  
  15  0:55  Drone  
  17  0:59  Drone  
  18  1:10  Extractor  
  17  1:15  Spawning Pool  
  17  1:17  Drone  
  17  1:20  Drone  
  18  1:29  Drone  
  19  1:40  Drone  
  20  1:50  Overlord  
  20  2:01  Queen x2  
  20  2:02  Zergling x4  
  26  2:15  Drone x2, Metabolic Boost  
  28  2:25  Extractor  
  28  2:29  Drone x2  
  30  2:43  Drone  
  30  2:45  Queen  
  30  2:47  Overlord  
  30  2:50  Drone  
  33  2:52  Drone  
  33  2:59  Extractor  
  33  3:00  Drone  
  33  3:05  Drone  
  34  3:06  Drone  
  34  3:07  Overlord  
  34  3:10  Drone  
  34  3:11  Drone x2  
  38  3:18  Hatchery  
  39  3:20  Drone  
  39  3:23  Queen  
  41  3:27  Drone  
  41  3:30  Drone  
  41  3:32  Drone  
  44  3:39  Overlord  
  44  3:44  Drone  
  44  3:45  Drone x3  
  48  3:48  Evolution Chamber  
  48  3:49  Extractor, Evolution Chamber  
  48  3:52  Drone  
  48  3:54  Drone  
  48  3:55  Drone  
  48  3:56  Overlord  
  48  3:59  Drone  
  49  4:03  Queen  
  49  4:08  Zergling x4  
  53  4:12  Zergling x2  
  53  4:14  Zergling x4  
  57  4:17  Drone  
  57  4:18  Spore Crawler  
  57  4:22  Drone  
  57  4:23  Drone  
  58  4:29  Lair  
  58  4:30  Roach Warren  
  58  4:31  Drone  
  58  4:33  Drone  
  60  4:38  Drone x2  
  60  4:39  Drone  
  60  4:43  Zerg Missile Weapons Level 1  
  61  4:46  Drone  
  61  4:48  Queen  
  61  4:52  Drone x3  
  67  4:54  Drone  
  67  4:55  Extractor  
  67  4:58  Drone  
  68  5:00  Overlord  
  68  5:02  Spore Crawler  
  68  5:04  Spore Crawler  
  68  5:06  Drone  
  67  5:07  Spore Crawler  
  67  5:10  Drone  
  66  5:14  Drone  
  66  5:15  Drone  
  66  5:16  Zergling x2  
  66  5:20  Roach x2  
  66  5:21  Roach  
  75  5:22  Roach  
  75  5:24  Roach  
  75  5:26  Pneumatized Carapace  
  79  5:28  Roach  
  79  5:31  Glial Reconstitution  
  79  5:35  Overlord  
  81  5:36  Spore Crawler  
  81  5:38  Roach  
  83  5:46  Overlord  
  83  5:49  Overlord  
  85  5:57  Zergling x8  
  85  5:59  Drone x2  
  85  6:02  Spire, Extractor  
  85  6:04  Drone x4  
  86  6:05  Drone x2  
  86  6:09  Drone  
  86  6:10  Drone  
  90  6:18  Roach x2  
  87  6:25  Drone  
  87  6:26  Drone x3  
  90  6:33  Drone x2  
  90  6:36  Extractor  
  90  6:38  Extractor, Drone  
  90  6:43  Roach  
  90  6:45  Drone x2  
  90  6:46  Hatchery, Drone  
  91  6:54  Overlord  
  91  6:55  Overlord x2  
  91  7:01  Ravager  
  89  7:11  Drone  
  89  7:12  Drone  
  89  7:14  Corruptor  
  89  7:15  Corruptor x6  
  97  7:20  Queen x2  
  97  7:21  Queen  
  97  7:22  Corruptor  
  104  7:24  Drone  
  104  7:27  Roach x2  
  106  7:30  Roach x2  
  106  7:34  Drone  
  106  7:35  Drone  
  110  7:41  Corruptor x2  
  111  7:46  Roach x2  
  115  7:55  Drone  
  118  8:04  Roach x6  
  128  8:09  Overlord  
  128  8:12  Overlord  
  126  8:13  Extractor, Drone  
  126  8:14  Zerg Melee Weapons Level 1  
  126  8:15  Baneling Nest  
  126  8:18  Zerg Missile Weapons Level 2  
  126  8:19  Drone  
  124  8:21  Drone  
  124  8:22  Zergling x2  
  124  8:23  Drone x2  
  128  8:27  Drone  
  128  8:29  Drone  
  128  8:38  Drone x6  
  128  8:39  Spine Crawler, Drone x3  
  128  8:40  Drone  
  135  8:44  Overlord x2  
  135  8:45  Hatchery  
  134  8:49  Ravager x3  
  134  8:53  Roach  
  134  8:54  Roach x2  
  143  8:56  Overlord  
  143  8:57  Centrifical Hooks  
  143  8:58  Overlord  
  143  8:59  Overlord  
  143  9:08  Overlord  
  143  9:11  Corruptor x2  
  143  9:16  Drone x6  
  149  9:20  Extractor, Ravager x2  
  149  9:21  Ravager x2  
  149  9:22  Corruptor  
  154  9:25  Corruptor  
  154  9:26  Corruptor  
  154  9:29  Corruptor  
  154  9:31  Overlord  
  158  9:36  Overlord  
  158  9:41  Zergling x18  
  165  9:47  Zergling x2, Roach  
  165  9:48  Ravager, Infestation Pit  
  165  9:49  Ravager x2  
  165  9:51  Roach  
  166  9:54  Zergling x2  
  166  9:59  Spine Crawler  
  166  10:01  Spine Crawler  
  166  10:02  Drone x5  
  166  10:06  Zergling x2, Spine Crawler, Roach x2  
  172  10:07  Spine Crawler  
  172  10:08  Zergling x2, Roach  
  172  10:10  Roach  
  174  10:15  Zergling x4, Roach  
  174  10:17  Baneling x5  
  177  10:22  Overlord  
  177  10:24  Hive, Zerg Melee Weapons Level 2  
  177  10:30  Zergling x18  
  177  10:35  Drone x2  
  188  10:36  Unknown  
  188  10:37  Drone x2  
  188  10:38  Spine Crawler, Overlord  
  188  10:44  Zergling x2  
  188  10:45  Zergling x4, Roach  
  188  10:49  Roach  
  192  10:52  Zergling x8  
  192  10:56  Zergling x2, Roach  
  198  11:04  Baneling x8  
  198  11:10  Zergling x2, Roach  
  199  11:16  Hatchery  
  196  11:24  Corruptor x7  
  182  11:29  Corruptor x2  
  166  11:33  Corruptor  
  166  11:34  Zergling x2, Roach x3  
  174  11:40  Zerg Flyer Weapons Level 1  
  174  11:42  Zergling x8, Roach  
  174  11:45  Zergling x4, Roach  
  181  11:49  Zergling x2  
  181  11:50  Zergling x6, Roach  
  181  11:51  Ravager  
  181  11:52  Ravager x3  
  181  11:53  Zergling x2, Roach  
  194  11:56  Drone x3  
  194  11:59  Roach  
  199  12:02  Baneling  
  199  12:03  Baneling x11  
  197  12:08  Corruptor  
  199  12:21  Zergling x2, Roach  
  199  12:22  Zergling x4  
  195  12:29  Zergling x2, Roach x3  
  192  12:30  Zergling x10, Roach x4  
  192  12:33  Neural Parasite  
  192  12:34  Zerg Missile Weapons Level 3  
  192  12:35  Ultralisk Cavern  
  192  12:36  Ravager  
  192  12:37  Baneling x4  
  188  12:41  Ravager x2  
  188  12:42  Zergling x10  
  195  12:44  Zergling x2  
  195  12:46  Zergling x2  
  195  12:47  Roach  
  195  12:50  Zergling x2  
  198  13:00  Roach  
  198  13:02  Baneling x6  
  198  13:05  Zergling x4, Roach  
  195  13:13  Drone x5  
  195  13:18  Zerg Melee Weapons Level 3  
  199  13:24  Baneling x8  
  197  13:31  Hatchery, Roach  
  198  13:42  Ravager  
  198  13:48  Chitinous Plating  
  199  13:50  Zerg Flyer Weapons Level 2  
  199  13:51  Hatchery  
  196  13:58  Zergling x14  
  196  13:59  Zergling x2  
  196  14:05  Infestor x2  
  158  14:24  Roach  
  158  14:25  Zergling x12, Roach x11  
  158  14:26  Roach  
  158  14:27  Roach x6  
  194  14:36  Roach x2  
  198  14:40  Spine Crawler  
  198  14:43  Spine Crawler  
  189  14:45  Zergling x2, Roach x2  
  189  14:46  Zergling x6  
  189  14:48  Burrow  
  189  14:52  Ravager x8  
  200  14:57  Overlord x2  
  200  14:59  Corruptor  
  194  15:00  Corruptor x2  
  194  15:03  Pathogen Glands  
  194  15:05  Overlord  
  194  15:07  Anabolic Synthesis  
  199  15:08  Corruptor  
  200  15:14  Zergling x2, Roach x2  
  142  15:48  Zergling x14, Roach x16  
  142  15:49  Zergling x6  
  172  15:59  Spine Crawler  
  172  16:00  Zergling x2, Roach x5  
  172  16:02  Spine Crawler  
  167  16:08  Roach  
  167  16:09  Roach x2  
  173  16:11  Roach x3  
  173  16:12  Roach x4  
  173  16:13  Ravager x15  
  200  16:30  Baneling x10  
  200  16:31  Baneling x4  
  200  16:44  Roach  
  200  16:45  Zergling x8, Roach x6  
Show
View Real Time Build Order
Export as new Build Order

TSGDynaMite Terran 

Build Orders: Reaper Expand 

Get SALT Encoding   

  12  0:00  SCV  
  13  0:12  SCV  
  14  0:17  Supply Depot  
  14  0:24  SCV  
  15  0:38  SCV  
  15  0:40  Barracks  
  16  0:44  Refinery  
  16  0:50  SCV  
  17  1:02  SCV  
  18  1:15  SCV  
  19  1:27  Orbital Command  
  19  1:28  Reaper  
  20  1:40  Command Center  
  20  1:48  Supply Depot  
  20  1:53  SCV  
  21  2:00  Marine  
  22  2:06  SCV  
  23  2:12  Factory  
  23  2:18  SCV  
  24  2:24  Barracks Reactor  
  24  2:30  SCV  
  25  2:42  SCV  
  26  2:47  Command Center  
  26  2:53  Orbital Command  
  26  2:55  SCV  
  26  3:04  Starport  
  26  3:07  SCV  
  26  3:09  Refinery  
  27  3:19  SCV  
  28  3:20  SCV  
  28  3:25  Hellion x2  
  33  3:31  SCV  
  33  3:32  SCV  
  35  3:43  SCV  
  35  3:44  SCV  
  35  3:45  Fusion Core  
  39  3:48  Hellion  
  39  3:49  Hellion  
  39  3:52  Refinery  
  41  3:55  SCV  
  41  3:56  SCV  
  41  3:59  Orbital Command  
  41  4:02  Starport Tech Lab  
  43  4:07  SCV  
  43  4:08  SCV  
  45  4:12  Hellion x2  
  49  4:20  SCV  
  50  4:25  SCV x2  
  50  4:26  Supply Depot x2  
  52  4:36  SCV  
  52  4:37  SCV  
  53  4:43  Battlecruiser  
  53  4:45  SCV  
  60  4:48  SCV  
  60  4:50  Refinery  
  60  4:52  SCV  
  62  4:54  Hellion  
  62  4:55  Hellion  
  66  5:03  SCV x2  
  68  5:09  Supply Depot  
  68  5:11  SCV  
  69  5:16  SCV  
  69  5:17  Factory  
  69  5:18  Factory, Hellion x2, Orbital Command  
  75  5:24  SCV  
  75  5:26  Supply Depot  
  75  5:29  SCV  
  75  5:32  Supply Depot  
  76  5:36  SCV  
  76  5:41  SCV  
  78  5:44  SCV  
  78  5:47  Hellion x2  
  78  5:49  Battlecruiser  
  87  5:53  SCV  
  87  5:54  SCV  
  89  6:00  SCV  
  90  6:05  SCV, Factory Tech Lab x2  
  90  6:07  SCV  
  90  6:08  Supply Depot  
  90  6:12  SCV, Hellion  
  90  6:13  Hellion  
  90  6:17  SCV  
  90  6:19  SCV  
  90  6:25  SCV  
  91  6:29  SCV  
  91  6:31  SCV, Cyclone x2  
  97  6:35  Armory x2  
  97  6:37  SCV, Hellion x2  
  98  6:41  SCV  
  98  6:44  SCV  
  98  6:49  Weapon Refit  
  98  6:55  SCV  
  98  7:00  Battlecruiser  
  104  7:04  SCV  
  104  7:06  SCV  
  104  7:15  SCV, Engineering Bay  
  100  7:16  Supply Depot  
  100  7:19  Cyclone x2  
  100  7:20  Hellion  
  100  7:21  SCV  
  106  7:22  SCV  
  106  7:27  SCV  
  106  7:29  Hellion  
  109  7:38  SCV x2  
  109  7:40  Supply Depot x2  
  109  7:43  Infernal Pre-Igniter  
  109  7:44  Hellion  
  110  7:49  SCV  
  111  7:51  SCV  
  111  7:54  Terran Vehicle And Ship Armor Level 1, Terran Vehicle Weapons Level 1  
  106  8:00  SCV  
  106  8:03  Siege Tank  
  106  8:05  SCV  
  109  8:09  Missile Turret  
  109  8:10  Missile Turret  
  109  8:11  Refinery  
  109  8:13  Missile Turret  
  109  8:14  SCV  
  109  8:15  Refinery  
  109  8:18  Siege Tank  
  113  8:26  SCV  
  114  8:32  SCV  
  115  8:34  SCV  
  115  8:36  Battlecruiser  
  122  8:44  SCV  
  123  8:49  Siege Tank  
  123  8:50  Refinery  
  123  8:54  Supply Depot x2  
  126  8:55  Siege Tank  
  126  8:58  Supply Depot  
  126  8:59  SCV x2, Supply Depot  
  126  9:02  Hellion  
  133  9:14  Missile Turret  
  133  9:16  SCV x2, Hellion  
  137  9:24  Factory  
  138  9:25  Factory  
  138  9:27  Siege Tank  
  138  9:28  Siege Tank  
  144  9:35  Command Center  
  144  9:37  Mag-Field Accelerator  
  144  9:38  Command Center  
  141  9:40  Hellion  
  141  9:41  Hellion  
  141  9:55  Battlecruiser  
  141  9:56  SCV x2  
  149  10:04  Hellion x2  
  151  10:10  Factory Reactor, Factory Tech Lab  
  151  10:11  SCV x2  
  151  10:14  Siege Tank  
  154  10:25  Siege Tank  
  157  10:29  SCV x3  
  157  10:32  Siege Tank  
  157  10:33  Hellion  
  165  10:41  Missile Turret  
  165  10:43  Terran Vehicle And Ship Armor Level 2  
  165  10:44  Missile Turret  
  165  10:46  Hellion  
  165  10:48  Terran Vehicle Weapons Level 2  
  167  10:52  Missile Turret  
  167  10:53  Hellion x2  
  169  11:04  Missile Turret  
  169  11:06  Battlecruiser  
  169  11:09  Hellion x2  
  169  11:10  Supply Depot  
  178  11:12  Supply Depot  
  178  11:13  Siege Tank  
  178  11:14  Command Center  
  178  11:17  Supply Depot  
  159  11:25  Siege Tank  
  159  11:26  Hellion x2  
  159  11:27  Siege Tank  
  138  11:44  Hellion  
  138  11:45  Siege Tank  
  143  11:52  Hellion x2  
  147  11:57  Siege Tank  
  150  12:02  Refinery  
  150  12:05  Orbital Command  
  150  12:07  Command Center  
  148  12:10  Siege Tank  
  151  12:17  Siege Tank  
  143  12:23  Hellion x2  
  143  12:29  Cyclone  
  138  12:32  Hellion  
  140  12:42  Cyclone  
  143  12:44  Missile Turret  
  143  12:46  Refinery  
  143  12:47  Orbital Command  
  143  12:49  Siege Tank  
  146  12:52  Hellion  
  146  12:58  Missile Turret x2  
  148  13:02  Battlecruiser  
  146  13:14  Command Center  
  144  13:21  Cyclone x2  
  144  13:22  Hellion  
  150  13:28  Orbital Command  
  150  13:29  Siege Tank  
  150  13:32  Hellion x2  
  151  13:37  Terran Vehicle Weapons Level 3  
  148  13:50  Terran Vehicle And Ship Armor Level 3  
  148  13:52  SCV x3  
  148  13:53  Siege Tank  
  154  13:59  SCV  
  154  14:02  Siege Tank  
  152  14:05  SCV x3  
  152  14:07  Orbital Command  
  155  14:12  SCV  
  155  14:16  Siege Tank  
  148  14:22  Hellion x2  
  148  14:24  SCV  
  138  14:25  SCV, Siege Tank  
  138  14:28  SCV  
  137  14:32  Orbital Command  
  137  14:36  Siege Tank  
  132  14:41  Hellion  
  132  14:43  SCV  
  135  14:52  SCV  
  136  14:54  SCV  
  136  14:55  SCV  
  136  14:58  Hellion  
  136  14:59  Hellion  
  142  15:04  SCV  
  143  15:12  Siege Tank x3  
  143  15:14  SCV  
  143  15:18  SCV  
  143  15:21  SCV, Missile Turret x2  
  145  15:26  SCV  
  144  15:30  Hellion x2  
  144  15:33  Hellion x2  
  137  15:37  Missile Turret, Orbital Command  
  137  15:38  SCV x3, Missile Turret  
  125  15:44  Siege Tank x2  
  122  15:50  SCV  
  122  15:52  Hellion  
  122  15:55  Hellion  
  124  15:57  SCV x2  
  124  16:02  SCV  
  124  16:03  SCV  
  117  16:09  SCV x2  
  117  16:11  Orbital Command  
  113  16:14  SCV  
  113  16:15  SCV, Cyclone  
  113  16:16  Missile Turret  
  121  16:19  Missile Turret  
  121  16:24  Cyclone x2  
  127  16:30  Hellion x4  
  135  16:33  SCV x2  
  138  16:40  SCV, Unknown  
  138  16:42  Sensor Tower  
  138  16:44  SCV  
  138  16:46  SCV  
  125  16:49  Missile Turret  
Tags
 
Add a new tag
Caveats
  • Supply blocks, unpowered buildings, or Contaminate may cause inaccurate times.
  • Supply counts are checked every 10 seconds.